 Dungeon Crawl Stone Soup version 0.31-a0-1576-ga3383bade6 (webtiles) character file.

Game seed: 6831110018487622366

2426 Atlas the Firebug (level 9, 0/60 HPs)
             Began as a Demonspawn Fire Elementalist on Jan 4, 2024.
             Was a Follower of Vehumet.
             Slain by a vampire (4 damage)
             ... on level 8 of the Dungeon.
             The game lasted 00:08:46 (8450 turns).

Atlas the Firebug (Demonspawn Fire Elementalist)    Turns: 8450, Time: 00:08:47

Health: 0/60       AC: 16    Str:  9    XL:     9   Next: 24%
Magic:  2/19       EV: 10    Int: 19    God:    Vehumet [*.....]
Gold:   275        SH:  9    Dex: 14    Spells: 18/21 levels left

rFire   . . .        n - staff of conjuration
rCold   + . .        j - orb of Tomorrow {light, Rampage Conj Necro}
rNeg    . . .        I - +3 ring mail {Will+}
rPois   +            i - +0 helmet
rElec   .            (no cloak)
rCorr   .            (no gloves)
SInv    .            m - +0 pair of boots
Will    +....        D - amulet of reflection
Stlth   +            k - ring of protection from cold
HPRegen 0.30/turn    z - ring of poison resistance
MPRegen 0.16/turn

%: reflection, rampage
@: glowing
A: icy blue scales 1, demonic guardian 1, icemail 1, condensation shield,
weakness stinger 1
a: Renounce Religion


You were on level 8 of the Dungeon.
You worshipped Vehumet.
Vehumet was aware of your devotion.
You visited 2 branches of the dungeon, and saw 9 of its levels.

You collected 561 gold pieces.
You spent 286 gold pieces at shops.

Inventory:

Armour
 i - a +0 helmet (worn)
 j - the orb of Tomorrow (worn) {light, Rampage Conj Necro}
   (You found it on level 2 of the Dungeon)

   Rampage:   It bestows one free step when moving towards enemies.
   Conj:      It increases the power of your Conjurations spells.
   Necro:     It increases the power of your Necromancy spells.
 m - a +0 pair of boots (worn)
 I - a +3 ring mail of willpower (worn)
Magical Staves
 n - a staff of conjuration (weapon)
Jewellery
 c - a ring of protection from cold
 k - a ring of protection from cold (left hand)
 w - a +6 ring of dexterity
 z - a ring of poison resistance (right hand)
 D - an amulet of reflection (around neck)
Wands
 o - a wand of acid (7)
Scrolls
 e - a scroll of noise
 f - 2 scrolls of immolation
 h - 2 scrolls of revelation
 l - a scroll of vulnerability
 v - a scroll of summoning {unknown}
 y - a scroll of fear {unknown}
 A - a scroll of enchant armour {unknown}
 B - 8 scrolls of identify
 E - 2 scrolls of fog
 F - a scroll of amnesia {unknown}
 H - a scroll of poison {unknown}
Potions
 a - 3 potions of curing
 b - 2 potions of magic
 g - 5 potions of mutation {unknown}
 p - a potion of berserk rage {unknown}
 q - 2 potions of haste {unknown}
 r - 2 potions of lignification {unknown}
 s - 2 potions of heal wounds {unknown}
 t - 3 potions of attraction {unknown}
 u - a potion of brilliance {unknown}
 x - a potion of resistance {unknown}
 C - a potion of might {unknown}
 G - 2 potions of enlightenment {unknown}


   Skills:
 + Level 1.6 Fighting
 + Level 1.5 Staves
 + Level 2.6 Armour
 + Level 2.8 Dodging
 + Level 2.5 Stealth
 + Level 0.3 Unarmed Combat
 + Level 6.9 Spellcasting
 + Level 3.4 Conjurations
 + Level 7.6 Fire Magic


You had 18 spell levels left.
You knew the following spells:

 Your Spells              Type           Power      Damage    Failure   Level
a - Scorch                Fire           70%        2d7       1%          2
b - Foxfire               Conj/Fire      100%       2x1d9     2%          1

Your spell library contained the following spells:

 Spells                   Type           Power      Damage    Failure   Level
 Shock                    Conj/Air       100%       1d9       14%         1
 Sting                    Conj/Alch      100%       1d9       14%         1
 Inner Flame              Hex/Fire       21%        N/A       17%         3
 Volatile Blastmotes      Fire/Tloc      42%        2d13      17%         3
 Flame Wave               Conj/Fire      58%        2d14      28%         4
 Mercury Vapours          Alch/Air       12%        N/A       38%         2
 Call Canine Familiar     Summ           6%         N/A       63%         3
 Ozocubu's Armour         Ice            6%         N/A       63%         3
 Sigil of Binding         Hex            6%         N/A       63%         3
 Dimensional Bullseye     Hex/Tloc       3%         N/A       95%         4
 Olgreb's Toxic Radiance  Alch           6%         N/A       95%         4
 Alistair's Intoxication  Alch           4%         N/A       100%        5
 Borgnjor's Vile Clutch   Necr/Erth      4%         N/A       100%        5
 Metabolic Englaciation   Hex/Ice        3%         N/A       100%        5
 Eringya's Noxious Bog    Alch           3%         4d6       100%        6
 Sculpt Simulacrum        Ice/Alch       3%         N/A       100%        6


Dungeon Overview and Level Annotations

Branches:
Dungeon (8/15)             Temple (1/1) D:6
   Lair: D:8-11

Altars:
Ashenzari
Dithmenos
Fedhas
Gozag
Kikubaaqudgha
Makhleb
Nemelex Xobeh
Okawaru
Qazlal
Ru
Trog
Uskayaw
Vehumet
Wu Jian
Xom
Yredelemnul

Shops:
D:6 [


Innate Abilities, Weirdness & Mutations

You are partially covered in icy blue scales. (AC +2)
A weak demonic guardian rushes to your aid.
A meltable icy envelope protects you from harm. (AC +4)
A meltable shield of frost defends you. (SH +4)
You have a small tail.


Message History

The vampire closely misses you. The vampire barely misses you.
Casting: Scorch (safe; 1% risk of failure)
Confirm with . or Enter, or press ? or * to list all spells.
Flames lash the vampire.
The vampire is burned terribly!
The vampire is severely damaged.
The vampire draws life force from you!
The vampire is healed by the life force!
Casting: Scorch (safe; 1% risk of failure)
Confirm with . or Enter, or press ? or * to list all spells.
Flames lash the vampire.
The vampire is burned terribly!
The vampire is severely damaged.
The vampire draws life force from you!
* * * LOW HITPOINT WARNING * * *
The vampire is healed by the life force!
Aiming: Corrosive Bolt
Press: ? - help, Shift-Dir - straight line, f - vampire
Aim: a vampire (heavily damaged, slightly transparent, more vulnerable to fire, haloed, 81% to hit)
The bolt of acid misses the vampire.
The vampire barely misses you. x2
Unknown command.
Unknown command.
Aiming: Corrosive Bolt
Press: ? - help, Shift-Dir - straight line, f/p - vampire
Aim: a vampire (heavily damaged, slightly transparent, more vulnerable to fire, haloed, 81% to hit)
The bolt of acid hits the vampire.
The acid corrodes the vampire!
The vampire is severely damaged.
The vampire hits you but does no damage.
The vampire bites you!
* * * LOW HITPOINT WARNING * * *
A demonic guardian appears!
The vampire draws strength from your injuries!
Aiming: Corrosive Bolt
Press: ? - help, Shift-Dir - straight line, f/p - vampire
Aim: a vampire (heavily damaged, slightly transparent, more vulnerable to fire, covered in acid, ally target, haloed, 81% to hit)
The bolt of acid hits the vampire!
The vampire seems to be corroded for longer.
The vampire is almost destroyed.
The vampire hits you.
* * * LOW HITPOINT WARNING * * *
The vampire bites you.
You die...

.#......#.#*#..#.#
##.####.#.# #..#.#
#..# #.#.# #..#.#
..## #.#.# #..#.#
.#* #.#.# #..#.# #*
#.#.###..#.#
#######.#.....<#.#
........########5##
#######........V@.#
#############


You could see a vampire (invisible, combustible, corroded, ally target) and a
friendly ufetubus (summoned).

Vanquished Creatures
  A water moccasin (D:7)
  2 orc warriors
  A black bear (D:5)
  3 centaurs
  A phantom (D:6)
  2 bullfrogs
  2 kobold brigands
  A scorpion (D:5)
  5 wights
  5 killer bees (D:7)
  3 howler monkeys (D:7)
  2 bombardier beetles
  An orc priest (D:7)
  5 hounds
  A jelly (D:4)
  A gnoll bouda (D:7)
  An iguana (D:7)
  Natasha (thrice) (D:2)
  A sleepcap (D:6)
  4 orc wizards
  3 gnolls (D:7)
  8 adders
  A shadow imp (D:6)
  A white imp (D:6)
  A dart slug (D:4)
  A ribbon worm (D:2)
  15 orcs
  3 bats
  7 endoplasms
  2 giant cockroaches
  7 goblins
  5 hobgoblins
  2 quokkas
  13 ball pythons
  4 frilled lizards
  A goblin zombie (D:6)
  A hobgoblin zombie (D:6)
  14 kobolds
  6 rats
140 creatures vanquished.

Vanquished Creatures (collateral kills)
  A phantom (D:4)
1 creature vanquished.

Vanquished Creatures (others)
  A giant cockroach (D:2)
  513 foxfires
514 creatures vanquished.

Grand Total: 655 creatures vanquished

Notes
Turn   | Place    | Note
-------+----------+-------------------------------------------
     0 | D:1      | Atlas the Demonspawn Fire Elementalist began the quest for
                  | the Orb.
     0 | D:1      | Reached XP level 1. HP: 13/13 MP: 3/3
   186 | D:1      | Reached skill level 3 in Fire Magic
   294 | D:1      | Gained mutation: You have a small tail. [demonic ancestry]
   294 | D:1      | Reached XP level 2. HP: 6/19 MP: 1/5
  1021 | D:1      | Learned a level 2 spell: Scorch
  1259 | D:2      | Gained mutation: A meltable shield of frost defends you.
                  | (SH +4) [demonic ancestry]
  1259 | D:2      | Reached XP level 3. HP: 24/24 MP: 0/6
  1337 | D:2      | Identified the orb of Tomorrow {light, Rampage Conj Necro}
  1456 | D:2      | Noticed Natasha
  1469 | D:2      | Killed Natasha
  1554 | D:2      | Reached XP level 4. HP: 30/30 MP: 3/8
  1924 | D:2      | Noticed Natasha
  2089 | D:2      | Killed Natasha
  2093 | D:2      | Noticed Natasha
  2099 | D:2      | Killed Natasha
  2551 | D:3      | Reached XP level 5. HP: 34/35 MP: 5/9
  3316 | D:4      | Found an ornate altar of the Wu Jian Council.
  3523 | D:4      | Found an iron altar of Okawaru.
  3534 | D:4      | Found a shimmering altar of Xom.
  3535 | D:4      | Found a sparkling altar of Nemelex Xobeh.
  3626 | D:4      | Reached skill level 4 in Fire Magic
  3717 | D:4      | Found a stormy altar of Qazlal.
  3891 | D:4      | Gained mutation: A weak demonic guardian rushes to your
                  | aid. [demonic ancestry]
  3891 | D:4      | Reached XP level 6. HP: 42/42 MP: 4/11
  4082 | D:5      | Entered Level 5 of the Dungeon
  4366 | D:4      | Reached skill level 1 in Fighting
  4366 | D:4      | Reached skill level 1 in Armour
  4366 | D:4      | Reached XP level 7. HP: 6/48 MP: 1/13
  4603 | D:5      | Reached skill level 5 in Fire Magic
  4694 | D:5      | Reached skill level 1 in Staves
  4775 | D:5      | Reached skill level 5 in Spellcasting
  5600 | D:6      | Gained mutation: A meltable icy envelope protects you from
                  | harm. (AC +4) [demonic ancestry]
  5600 | D:6      | Reached XP level 8. HP: 54/54 MP: 12/16
  5632 | D:6      | Found a staircase to the Ecumenical Temple.
  5657 | Temple   | Entered the Ecumenical Temple
  5766 | Temple   | Became a worshipper of Vehumet
  5959 | D:6      | Found Tuiq's Armour Shop.
  5964 | D:6      | Bought a +3 ring mail of willpower for 286 gold pieces
  6142 | D:6      | Reached skill level 6 in Fire Magic
  6374 | D:6      | Found a broken altar of Ashenzari.
  7121 | D:7      | Reached skill level 7 in Fire Magic
  7336 | D:7      | Reached * piety under Vehumet
  7336 | D:7      | Offered knowledge of Shock by Vehumet.
  7419 | D:7      | Gained mutation: You are partially covered in icy blue
                  | scales. (AC +2) [demonic ancestry]
  7419 | D:7      | Reached XP level 9. HP: 58/59 MP: 6/18
  8042 | D:7      | Found a shadowy altar of Dithmenos.
  8046 | D:7      | Found a basalt altar of Yredelemnul.
  8388 | D:8      | Noticed a tengu conjurer
  8389 | D:8      | Noticed a deep elf pyromancer
  8390 | D:8      | Noticed a manticore
  8450 | D:8      | Slain by a vampire

Illustrated notes

Levels and vault maps discovered:
D:1:      wander_arrival_estate, layout_basic
D:2:      layout_rooms, uniq_natasha
D:3:      layout_basic
D:4:      layout_loops_ring, mainiacjoe_overflow_alcove_1, zin_statuary,
          amcnicky_altar_gilded, minitemple
D:5:      layout_cave_pods
D:6:      nicolae_whirlpool, layout_gridville, general_overflow_altar,
          minmay_temple_entry_statues_fountains, enter_ossuary_3, serial_shops,
          shop_fountains
D:7:      layout_loops_cross, nicolae_overflow_hidden_temple, minivault_19,
          nicolae_titane
D:8:      minmay_the_grid_octo_triangle [minmay_the_grid_octo_tetromino_candy,
          minmay_the_grid_octo_prize_big_c, minmay_the_grid_octo_chip],
          layout_basic
Temple:   kb_temple_of_zot

Skill      XL: |  1  2  3  4  5  6  7  8 |
---------------+-------------------------+-----
Fire Magic     | 3 4 5 7 |  7.6
Dodging        | 2 |  2.8
Stealth        | 2 |  2.5
Spellcasting   | 3 4 5 6 |  6.9
Conjurations   | 2 3 |  3.4
Fighting       | 1 |  1.6
Armour         | 1 2 |  2.6
Staves         | 1 |  1.5
Unarmed Combat | |  0.3

Action                     |  1- 3 |  4- 6 |  7- 9 || total
---------------------------+-------+-------+-------++-------
  Melee: Unarmed           |    32 |     1 |       ||    33
         Tailslap          |     2 |     5 |    12 ||    19
         Staff             |       |    26 |    48 ||    74
   Cast: Foxfire           |    58 |    89 |   151 ||   298
         Scorch            |     3 |    26 |    66 ||    95
  Evoke: Wand              |       |       |     3 ||     3
    Use: Potion            |     2 |       |     1 ||     3
         Scroll            |       |       |     6 ||     6
   Stab: Sleeping          |     1 |       |       ||     1
 Armour: Robe              |    45 |    12 |       ||    57
         Leather armour    |       |    37 |    14 ||    51
         Ring mail         |       |       |    82 ||    82
  Dodge: Dodged            |    58 |    24 |    82 ||   164
  Block: Other             |     2 |       |       ||     2

Table legend: (Time is in decaauts)
 A = Elapsed time spent in this place.
 B = Non-inter-level travel time spent in this place.
 C = Inter-level travel time spent in this place.
 D = Time resting spent in this place.
 E = Time spent auto-exploring this place.
 F = Levels seen in this place.
 G = Mean time per level.
                   A        B        C        D        E       F      G
               +--------+--------+--------+--------+--------+-----+--------+
         Total |   8496 |   8137 |    359 |    616 |   6417 |   9 |  944.0 |
       Dungeon |   8358 |   8059 |    299 |    616 |   6341 |   8 | 1044.8 |
        Temple |    137 |     77 |     60 |      0 |     76 |   1 |  137.0 |
               +--------+--------+--------+--------+--------+-----+--------+

Top non-repeatable levels by time:
     D:7: 1498 daAuts
     D:1: 1443 daAuts
     D:4: 1297 daAuts
     D:6: 1276 daAuts
     D:5: 1093 daAuts
     D:2: 891 daAuts
     D:3: 657 daAuts
     D:8: 201 daAuts
  Temple: 137 daAuts
